 Dungeon Crawl Stone Soup version 0.27-a0-1188-g73eefd5def (webtiles) character file.

Game seed: 6426162871649033239

267070 freelancePsychic the Brawler (level 19, -26/243 HPs)
             Began as a Troll Chaos Knight on May 21, 2021.
             Was a Plaything of Xom.
             Annihilated by a vault warden
             ... wielding a +1 halberd of protection
              (33 damage)
             ... on level 2 of the Vaults on May 22, 2021.
             The game lasted 02:26:19 (34308 turns).

freelancePsychic the Brawler (Troll Chaos Knight)  Turns: 34308, Time: 02:26:49

Health: -26/243    AC: 30    Str: 26 (27) XL:     19   Next: 34%
Magic:  24/24      EV: 15    Int: 17 (18) God:    Xom [...*..]
Gold:   3951       SH:  0    Dex:  9      Spells: 15/26 levels left

rFire    . . .     SeeInvis .     - Unarmed
rCold    . . .     Faith    .   s - +5 tower shield
rNeg     + . .     Spirit   .   (armour currently unavailable)
rPois    ∞         Reflect  .   (helmet restricted)
rElec    +         Harm     .   h - +2 cloak {Will+}
rCorr    .         Rampage  .   (gloves unavailable)
Will     ++...     Rnd*Rage +   (boots unavailable)
Stlth    +.........             B - amulet of regeneration
HPRegen  2.50/turn              u - +4 ring of evasion
MPRegen  0.19/turn              y - +6 ring of intelligence

@: confused, statue-form, ambrosia-drunk, frozen, unable to read, on berserk
cooldown, hasted and slowed, very slow
A: slow and powerful, torment resistance 1, boosted hp, large, unfitting armour,
claws 3, regeneration 1, (shaggy fur 1), (tough skin 1), antennae 1, berserk 1,
deterioration 2, sense surroundings 1, screaming 1, electricity resistance,
inability to read while threatened, MP-powered wands
}: 2/15 runes: barnacled, gossamer
a: End Transformation, Renounce Religion


You were on level 2 of the Vaults.
You worshipped Xom.
You were a favourite toy of Xom.
You were a living statue of rough stone.
You visited 7 branches of the dungeon, and saw 34 of its levels.
You also visited: Gauntlet, Ice Cave and Volcano.

You collected 4901 gold pieces.
You spent 950 gold pieces at shops.

Inventory:

Hand Weapons
 a - a +9 fustibalus of chaos
Missiles
 F - 41 javelins (quivered)
 N - 7 curare-tipped darts
 P - 14 large rocks
 R - 259 sling bullets
 Z - 7 boomerangs of dispersal
Armour
 h - a +2 cloak of willpower (worn)
 s - a +5 tower shield (worn)
 K - a +2 robe of the Archmagi (melded)
Jewellery
 c - a ring of positive energy
 t - a ring of see invisible
 u - a +4 ring of evasion (left claw)
 w - a ring of willpower
 x - the ring "Qyilubon" {rN+ rCorr Stlth+}
   (You found it on level 6 of the Dungeon)

   [ring of resist corrosion]

   It protects you from negative energy.
   It protects you from acid and corrosion.
   It makes you more stealthy.
 y - a +6 ring of intelligence (right claw)
 A - a +4 ring of protection
 B - an amulet of regeneration (around neck)
 E - the ring of Eleifit {rElec Will+ Str+2}
   (You found it in a Gauntlet)

   [ring of willpower]

   It affects your strength (+2).
   It insulates you from electricity.
   It increases your willpower.
 T - a ring of flight
 V - a +4 ring of evasion
Wands
 j - a wand of iceblast (29)
 l - a wand of flame (48)
 D - a wand of mindburst (21)
 J - a wand of paralysis (31)
 Q - a wand of polymorph (11)
 U - a wand of charming (36)
 W - a wand of digging (7)
Scrolls
 m - a scroll of immolation
 n - 8 scrolls of amnesia
 p - 4 scrolls of fog
 q - a scroll of blinking
 z - 2 scrolls of identify {@r1}
 H - 3 scrolls of magic mapping
 I - 15 scrolls of teleportation {@r4}
 O - 3 scrolls of brand weapon
 S - 2 scrolls of enchant weapon
 Y - a scroll of summoning
Potions
 b - 2 potions of magic
 d - a potion of invisibility
 e - 6 potions of might
 f - 2 potions of lignification
 g - 3 potions of cancellation
 i - 8 potions of ambrosia
 k - 4 potions of curing {@q1}
 o - 2 potions of degeneration
 r - a potion of brilliance
 G - 7 potions of attraction
 L - a potion of berserk rage
 M - 3 potions of flight
 X - 3 potions of resistance


   Skills:
 + Level 11.2 Fighting
 + Level 6.1 Dodging
 - Level 15.0 Shields
 + Level 19.2 Unarmed Combat
 - Level 4.4 Spellcasting
 - Level 11.1 Transmutations
 - Level 13.3 Earth Magic


You had 15 spell levels left.
You knew the following spells:

 Your Spells              Type           Power      Damage    Failure   Level
a - Statue Form           Tmut/Erth      30%        N/A       16%         6
b - Lee's Rapid Deconstr  Erth           24%        3d14*     1%          5

Your spell library contained the following spells:

 Spells                   Type           Power      Damage    Failure   Level
 Passwall                 Tmut/Erth      37%        N/A       1%          2
 Petrify                  Tmut/Erth      45%        N/A       1%          4
 Animate Skeleton         Necr           6%         N/A       16%         1
 Apportation              Tloc           6%         N/A       16%         1
 Corona                   Hex            3%         N/A       16%         1
 Foxfire                  Conj/Fire      12%        2x1d4     16%         1
 Freeze                   Ice            12%        1d4       16%         1
 Magic Dart               Conj           12%        1d3       16%         1
 Shock                    Conj/Air       12%        1d3       16%         1
 Summon Small Mammal      Summ           12%        N/A       16%         1
 Ice Form                 Ice/Tmut       22%        N/A       16%         4
 Blink                    Tloc           N/A        N/A       22%         2
 Call Imp                 Summ           3%         N/A       22%         2
 Searing Ray              Conj           6%         3d3       22%         2
 Slow                     Hex            3%         N/A       22%         2
 Static Discharge         Conj/Air       3%         N/A       22%         2
 Blade Hands              Tmut           20%        N/A       24%         6
 Confusing Touch          Hex            3%         N/A       41%         3
 Conjure Flame            Conj/Fire      3%         6-21      41%         3
 Frozen Ramparts          Ice            6%         1d2       41%         3
 Gell's Gravitas          Tloc           1%         N/A       41%         3
 Inner Flame              Hex/Fire       3%         N/A       41%         3
 Mephitic Cloud           Conj/Pois/Air  3%         N/A       41%         3
 Ozocubu's Armour         Ice            3%         N/A       41%         3
 Swiftness                Air            3%         N/A       41%         3
 Irradiate                Conj/Tmut      11%        3d17      41%         5
 Yara's Violent Unravell  Hex/Tmut       11%        3d6       41%         5
 Dragon Form              Tmut           20%        N/A       80%         7
 Airstrike                Air            1%         N/A       83%         4
 Cause Fear               Hex            1%         N/A       83%         4
 Hailstorm                Conj/Ice       3%         3d3       83%         4
 Passage of Golubria      Tloc           N/A        N/A       83%         4
 Sticky Flame             Conj/Fire      3%         2d3       83%         4
 Summon Ice Beast         Ice/Summ       3%         N/A       83%         4
 Fireball                 Conj/Fire      1%         3d3       99%         5
 Lightning Bolt           Conj/Air       1%         1d12      99%         5
 Metabolic Englaciation   Hex/Ice        1%         N/A       99%         5
 Silence                  Hex/Air        1%         N/A       99%         5
 Freezing Cloud           Conj/Ice/Air   1%         6-21      100%        6
 Invisibility             Hex            3%         N/A       100%        6
 Simulacrum               Ice/Necr       1%         N/A       100%        6
 Ozocubu's Refrigeration  Ice            1%         4d5       100%        7
 Spellforged Servitor     Conj/Summ      1%         N/A       100%        7
 Discord                  Hex            1%         N/A       100%        8
 Dragon's Call            Summ           1%         N/A       100%        9


Dungeon Overview and Level Annotations

Branches:
Dungeon (15/15)            Temple (0/1) D:5            Lair (6/6) D:10
 Shoals (4/4) Lair:3       Spider (4/4) Lair:4        Slime (1/5) Lair:5
    Orc (2/2) D:9             Elf (0/3) Orc:2        Vaults (1/5) D:14
 Depths (0/5) D:15          IceCv (visited)         Volcano (visited)
Gauntlet (visited)

Altars:
Cheibriados
Dithmenos
Elyvilon
Hepliaklqana
Nemelex Xobeh
Qazlal
Ru
Wu Jian
Xom
Yredelemnul
Beogh
Jiyva

Shops:
D:5 (   D:12 [   Orc:1 :   Orc:2 ?*(*

Annotations:
D:7 2 transporters, 1 runed translucent door, exclusion: ice statue, Crazy Yiuf; boltboy's ghost, novice MiFi
Lair:4 exclusions: 4 oklob plants and orange crystal statue


Innate Abilities, Weirdness & Mutations

You are a living statue of rough stone.
Your actions are slow, but your melee attacks are powerful.
You are resistant to unholy torment.
Your maximum health is greatly increased.
You are immune to poison.
Your equipment is partially melded.
You are too large for most types of armour.
You have claws for hands.
Your natural rate of healing is unusually fast.
((You are covered in fur. (AC +1)))
((You have tough skin. (AC +1)))
You have a pair of small antennae on your head.
You tend to lose your temper in combat.
Your body often deteriorates upon taking damage.
You passively map a small area around you.
You occasionally shout uncontrollably at your foes.
You are resistant to electric shocks. (rElec)
You sometimes lose the ability to read scrolls when taking damage.
You expend magic power (3 MP) to strengthen your wands.


Message History

The sphinx completely misses you. The sphinx hits you but does no damage.
The vault warden hits you with a +1 halberd of protection!!
* * * LOW HITPOINT WARNING * * *
Your body deteriorates!
You feel weakened. Something hits you but does no damage.
The ironbound convoker completely misses you.
An orc comes into view. It is wielding a +0 flail.
The sphinx hits you!
* * * LOW HITPOINT WARNING * * *
The sphinx hits you but does no damage. The sphinx completely misses you.
You block the vault warden's attack.
A yaktaur captain comes into view.
You are confused.
You feel invigorated. Something hits you but does no damage.
A deep troll opens the door.
The ironbound convoker barely misses you.
The vault sentinel blows a loud note on a signal horn!
The sphinx closely misses you.
The sphinx hits you but does no damage. x2
The vault warden barely misses you. Something hits you but does no damage.
The wizard gestures wildly while chanting.
The wizard blinks!
You hear a horrible gurgling sound!
You hear a shout!
You bump into the stone wall.
The runic seal fades away.
The sphinx hits you but does no damage. The sphinx misses you.
The sphinx hits you but does no damage.
The vault warden activates a sealing rune.
A door slams shut!
The yaktaur captain wields a +0 arbalest.
The yaktaur captain shoots a bolt.
Something hits you but does no damage. The deep troll barely misses you.
The deep troll claws you.
* * * LOW HITPOINT WARNING * * *
The deep troll barely misses you.
The sphinx hits you but does no damage. x2
The sphinx closely misses you.
The ironbound frostheart calls freezing cold from the walls.
The frost grips you!
* * * LOW HITPOINT WARNING * * *
You are encased in ice.
The vault warden hits you with a +1 halberd of protection!!
You die...
Xom thinks this is hilarious!

.........# .........#
.........# ###
.........# #.. ** *
.........# #..
######+### #.. * ,
#...########## #.. ,
#.#HT........# #..
#T{8#........# #.. * ,
,,
#cpp#........######' ,
#.op#........#......
** p
#..p#........'...... ,
#§..#........#......
,,
u#...#........#......
uu
+...#........#...... p
,.#p..##########......
, , #######


You could see a sphinx, a vault warden (strong), a yaktaur captain, an ironbound
frostheart, 2 deep trolls, a vault sentinel (strong, catching breath), an
ironbound convoker (catching breath), a wizard and an orc.

Vanquished Creatures
  Saint Roka (Vaults:2)
  Nikola (Shoals:2)
  Arachne (Spider:2)
  Jorgrun (Orc:1)
  An acid blob (Spider:3)
  A kraken (Shoals:4)
  Agnes (Spider:2)
  6 ghost moths
  2 vault wardens (Vaults:1)
  An orc warlord (Orc:2)
  3 ironbound preservers
  3 emperor scorpions
  A war gargoyle (Vaults:2)
  A minotaur (Gauntlet)
  4 entropy weavers
  Azrael (Orc:2)
  2 spark wasps (Spider:3)
  2 fire dragons
  5 merfolk javelineers (Shoals:4)
  7 merfolk impalers
  2 yaktaur captains
  7 boulder beetles
  A vault guard (Vaults:1)
  An ice dragon (D:15)
  6 hydras
  7 merfolk avatars
  5 ogre magi
  The ghost of quinnr the Destroyer, a journeyman DsVM of Vehumet (D:9)
  A catoblepas (Lair:6)
  5 satyrs (Shoals:4)
  2 alligator snapping turtles
  5 centaur warriors
  6 merfolk aquamancers
  A two-headed ogre (shapeshifter) (Lair:4)
  A deep troll shaman (Lair:6)
  2 tengu warriors
  8 death yaks (Lair:6)
  17 two-headed ogres
  4 orc high priests (Orc:2)
  Urug (D:14)
  Sonja (D:10)
  A glowing orange brain (Vaults:1)
  14 sea snakes
  12 deep trolls
  6 orc knights
  2 ironbound convokers (Vaults:1)
  5 wizards
  2 oklob plants
  4 orc sorcerers (Orc:2)
  5 deep elf pyromancers
  30 ugly things
  13 harpies (Shoals:1)
  28 wolf spiders
  13 orb spiders
  9 cyclopes
  A shining eye (Vaults:1)
  20 elephants
  12 manticores
  A spectral centaur (D:9)
  18 fauns
  2 moths of wrath
  3 ice statues (IceCv)
  5 merfolk sirens
  5 black mambas
  4 vault sentinels (Vaults:1)
  4 water nymphs
  A guardian serpent (D:14)
  3 torpor snails
  4 rime drakes
  2 molten gargoyles (Volcano)
  11 cane toads
  A minotaur zombie (Gauntlet)
  An unseen horror (D:12)
  Maggie (D:9)
  Psyche (D:9)
  A tormentor (Spider:1)
  8 yaktaurs
  10 komodo dragons
  14 demonic crawlers
  2 tengu conjurers
  19 jumping spiders
  3 queen bees
  6 meliai
  A meliai (shapeshifter) (D:10)
  36 merfolk
  7 trolls
  5 hornets
  6 polar bears
  Grinder (D:3)
  6 wind drakes
  Prince Ribbit (Lair:2)
  29 blink frogs
  14 dream sheep
  11 snapping turtles
  7 slime creatures (Vaults:1)
  A wyvern (shapeshifter) (D:7)
  2 centaur simulacra (D:9)
  35 tarantellas
  64 redbacks
  12 water elementals
  3 wraiths
  A vampire (D:10)
  A fire elemental (Orc:2)
  3 shadows
  A chaos spawn (Gauntlet)
  16 humans (D:14)
  4 wyverns
  30 yaks
  Grum (D:10)
  4 basilisks
  A basilisk (shapeshifter) (Gauntlet)
  6 fire bats
  8 vampire mosquitoes (D:12)
  A hog (shapeshifter) (D:14)
  A steam dragon (Lair:4)
  A two-headed ogre zombie (D:9)
  9 wargs
  10 acid dragons
  7 hell hounds
  21 water moccasins
  A water moccasin (shapeshifter) (D:15)
  41 orc warriors
  7 ice beasts
  A black bear (Lair:3)
  5 sky beasts
  A tengu (D:8)
  3 necrophages
  17 wolves
  10 ogres
  A boggart (D:9)
  2 phantoms
  16 centaurs
  A kobold brigand (D:8)
  17 bullfrogs
  A gnoll sergeant (D:11)
  Dowan (D:7)
  2 scorpions
  4 troll zombies (D:9)
  23 killer bees
  9 wights
  4 electric eels
  A howler monkey (D:7)
  A bullfrog zombie (D:6)
  7 lava snakes
  6 centaur zombies
  A bullfrog skeleton (D:6)
  3 gnoll shamans
  34 orc priests
  5 hounds
  Ijyb (D:3)
  Terence (D:3)
  3 iguanas
  20 orc wizards
  A scorpion zombie (D:4)
  19 hell rats
  A killer bee zombie (D:7)
  3 ogre zombies (D:9)
  A howler monkey zombie (D:10)
  14 gnolls
  9 adders
  A shadow imp (D:6)
  3 white imps
  An ufetubus (D:7)
  2 adder skeletons (D:4)
  3 worms
  2 dart slugs
  121 orcs
  6 bats
  8 endoplasms
  3 giant cockroaches
  13 goblins
  10 hobgoblins
  4 jackals
  11 kobolds
  2 quokkas
  7 ball pythons
  5 frilled lizards
  A goblin skeleton (D:9)
  3 goblin zombies (D:9)
  A hobgoblin skeleton (D:9)
  3 hobgoblin zombies (D:9)
  3 orc skeletons (D:9)
  14 orc zombies (D:9)
  A quokka zombie (D:4)
  A rat (D:3)
  5 tentacles (Shoals:4)
1335 creatures vanquished.

Vanquished Creatures (collateral kills)
  A spark wasp (Spider:4)
  2 fauns (Shoals:4)
  2 elephants (Lair:5)
  A troll (D:11)
  2 blink frogs
  A merfolk (Shoals:4)
  A snapping turtle (Shoals:1)
  2 yaks (Lair:5)
  A basilisk (Lair:5)
  4 ice beasts (IceCv)
17 creatures vanquished.

Vanquished Creatures (others)
  An ironbound preserver (Vaults:1)
  2 orb spiders (Spider:4)
  A tengu conjurer (D:14)
  A jumping spider (Spider:1)
  4 redbacks (Lair:4)
  A tarantella (Lair:4)
  A yak (Lair:3)
  2 wolves (Lair:5)
  A hell rat (Lair:2)
  4 orcs
  30 fungi
  268 plants
  4 tentacles (Shoals:4)
320 creatures vanquished.

Grand Total: 1672 creatures vanquished

Notes
Turn   | Place    | Note
-------+----------+-------------------------------------------
     0 | D:1      | freelancePsychic the Troll Chaos Knight began the quest for
                  | the Orb.
     0 | D:1      | Reached XP level 1. HP: 22/22 MP: 0/0
    43 | D:1      | XOM: divination: detect items
    64 | D:1      | XOM: silly message
   163 | D:1      | Reached XP level 2. HP: 25/29 MP: 1/1
   675 | D:2      | XOM: potion effect (heal wounds)
   677 | D:2      | Reached XP level 3. HP: 36/36 MP: 2/2
   811 | D:2      | XOM: divination: detect items
   878 | D:2      | Found a faded altar of an unknown god.
   903 | D:2      | Reached skill level 4 in Unarmed Combat
   953 | D:2      | XOM: noise
   955 | D:2      | Reached XP level 4. HP: 41/44 MP: 3/3
  1237 | D:3      | Noticed a scorpion
  1239 | D:3      | XOM: confuse monster(s)
  1245 | D:3      | Killed a scorpion
  1246 | D:3      | Reached XP level 5. HP: 53/53 MP: 4/4
  1317 | D:3      | Noticed Grinder
  1317 | D:3      | XOM: chaos upgrade
  1318 | D:3      | Paralysed by Grinder for 2 turns
  1333 | D:3      | Killed Grinder
  1334 | D:3      | Reached skill level 5 in Unarmed Combat
  1334 | D:3      | Reached XP level 6. HP: 35/61 MP: 5/5
  1362 | D:3      | Noticed Terence
  1373 | D:3      | Killed Terence
  1439 | D:3      | XOM: give mutations
  1439 | D:3      | Gained mutation: You are weak. (Str -2) [Xom's mischief]
  1439 | D:3      | Gained mutation: You are partially covered in iridescent
                  | scales. (AC +2) [Xom's mischief]
  1439 | D:3      | Gained mutation: Your body sometimes deteriorates upon
                  | taking damage. [Xom's mischief]
  1478 | D:3      | XOM is BORED!
  1618 | D:3      | Found a shadowy altar of Dithmenos.
  1619 | D:3      | Noticed Ijyb
  1620 | D:3      | Identified a scroll of acquirement
  1620 | D:3      | Acquired a +1 cloak of willpower
  1641 | D:3      | Killed Ijyb
  1883 | D:4      | Acquired 1006 gold pieces
  1902 | D:4      | XOM: enchant monster (bad)
  1913 | D:4      | XOM: swap monsters
  1923 | D:4      | Reached skill level 6 in Unarmed Combat
  1923 | D:4      | Reached XP level 7. HP: 69/70 MP: 6/6
  2037 | D:4      | Found an ornate altar of the Wu Jian Council.
  2279 | D:4      | XOM: potion effect (haste)
  2521 | D:4      | Found a basalt altar of Yredelemnul.
  2572 | D:5      | Entered Level 5 of the Dungeon
  2630 | D:5      | XOM: silly message
  2643 | D:5      | Noticed a two-headed ogre
  2650 | D:5      | Killed a two-headed ogre
  2651 | D:5      | Reached skill level 7 in Unarmed Combat
  2651 | D:5      | Reached XP level 8. HP: 45/79 MP: 7/7
  2834 | D:5      | Reached skill level 5 in Fighting
  2834 | D:5      | Reached skill level 8 in Unarmed Combat
  2913 | D:5      | Found Cillunud's Antique Weapon Emporium.
  3280 | D:5      | Found a sparkling altar of Nemelex Xobeh.
  3381 | D:5      | Found a staircase to the Ecumenical Temple.
  3462 | D:5      | XOM: scenery: create altars
  3543 | D:5      | Found a sacrificial altar of Ru.
  3673 | D:6      | XOM: confuse monster(s)
  3978 | D:6      | Reached XP level 9. HP: 68/88 MP: 6/8
  3985 | D:6      | Reached skill level 9 in Unarmed Combat
  4234 | D:6      | Identified the ring "Qyilubon" {rN+ rCorr Stlth+}
  4399 | D:7      | Noticed Duvessa
  4400 | D:7      | Noticed Dowan
  4405 | D:7      | XOM: fog
  4412 | D:7      | Noticed Duvessa
  4412 | D:7      | Duvessa changed into Duvessa the iguana
  4412 | D:7      | XOM: polymorph Duvessa -> Duvessa the iguana
  4416 | D:7      | Killed Duvessa the iguana
  4426 | D:7      | XOM: swap monsters
  4427 | D:7      | XOM: summons 1 hostile demon
  4446 | D:7      | Killed Dowan
  4454 | D:7      | Found a transporter.
  4498 | D:7      | Noticed boltboy's ghost (novice MiFi)
  4498 | D:7      | Noticed a komodo dragon
  4507 | D:7      | Found a transporter.
  4509 | D:7      | Noticed an ice statue
  4712 | D:7      | Found a white marble altar of Elyvilon.
  4804 | D:7      | Noticed Harold
  4823 | D:7      | Noticed Harold
  4823 | D:7      | Harold changed into Harold the shapeshifter
  4823 | D:7      | XOM: polymorph Harold -> Harold the shapeshifter
  4824 | D:7      | Noticed Harold
  4824 | D:7      | Harold the shapeshifter changed into Harold the blink frog
  4825 | D:7      | Noticed Harold
  4825 | D:7      | Harold the blink frog changed into Harold the wyvern
  4827 | D:7      | XOM: divination: detect items
  4830 | D:7      | Killed Harold the wyvern
  4831 | D:7      | Reached skill level 10 in Unarmed Combat
  4844 | D:7      | XOM: give mutation
  4844 | D:7      | Gained mutation: You are clumsy. (Dex -2) [Xom's mischief]
  4897 | D:7      | Found a runed translucent door.
  4898 | D:7      | Noticed Crazy Yiuf
  4971 | D:7      | Noticed a cyclops
  4975 | D:7      | XOM: cleaving
  4997 | D:7      | Killed a cyclops
  5006 | D:7      | XOM: polymorph steam dragon -> bat
  5023 | D:7      | XOM: confuse monster(s)
  5204 | D:7      | XOM: silly message
  5300 | D:7      | Reached XP level 10. HP: 94/94 MP: 9/9
  5323 | D:8      | XOM: chaos upgrade
  5325 | D:8      | XOM: repel stairs
  5328 | D:8      | XOM: potion effect (might)
  5343 | D:8      | XOM: god gift: +0 fustibalus of chaos
  5518 | D:8      | Reached skill level 5 in Shields
  5527 | D:8      | XOM: give mutations
  5527 | D:8      | Lost mutation: Your body sometimes deteriorates upon taking
                  | damage. [Xom's mischief]
  5527 | D:8      | Gained mutation: Your body sometimes deteriorates upon
                  | taking damage. [Xom's mischief]
  5570 | D:8      | XOM: polymorph wyvern -> tengu
  5583 | D:8      | XOM: summons 4 hostile demons
  5588 | D:8      | XOM: scenery: create altars
  5702 | D:8      | You fall into a shaft and drop 2 floors!
  5702 | D:10     | Entered Level 10 of the Dungeon
  5742 | D:10     | Reached skill level 11 in Unarmed Combat
  5793 | D:9      | Noticed Maggie
  5805 | D:9      | Killed Maggie
  5879 | D:9      | Found a runed translucent gate.
  5881 | D:9      | Found a runed translucent gate.
  5883 | D:9      | Found a runed translucent gate.
  5913 | D:9      | Noticed quinnr's ghost (journeyman DsVM)
  5913 | D:9      | Noticed a spectral centaur warrior
  6168 | D:8      | XOM: silly message
  6240 | D:8      | Found a shimmering altar of Xom.
  6241 | D:8      | Found a hazy altar of Hepliaklqana.
  6477 | D:9      | Found a staircase to the Orcish Mines.
  6557 | D:9      | XOM: swap monsters
  6562 | D:9      | XOM: swap monsters
  6677 | D:9      | XOM: polymorph orc warrior -> boggart
  6812 | D:9      | Noticed Psyche
  6820 | D:9      | Killed Psyche
  6937 | D:9      | XOM: summons 3 hostile shadow creatures
  7434 | D:10     | Noticed Grum
  7434 | D:10     | XOM: silly message
  7444 | D:10     | XOM: cast spell 'Metabolic Englaciation'
  7450 | D:10     | Reached skill level 12 in Unarmed Combat
  7464 | D:10     | XOM: silly message
  7471 | D:10     | Killed Grum
  7505 | D:10     | XOM: silly message
  7574 | D:10     | Found a staircase to the Lair.
  7612 | D:10     | XOM: cast spell 'Leda's Liquefaction'
  7628 | D:10     | XOM: polymorph yak -> polar bear
  7636 | D:10     | Reached XP level 11. HP: 92/109 MP: 10/10
  7636 | D:10     | XOM: polymorph polar bear -> shapeshifter
  7656 | D:10     | XOM: summons friendly iron imp
  7672 | D:10     | XOM: cast spell 'Dispersal'
  7681 | D:10     | XOM: fog
  7682 | D:10     | XOM: summons friendly iron imp
  7741 | D:10     | Noticed Sonja
  7741 | D:10     | XOM: 1-stop teleportation journey
  7794 | D:10     | Killed Sonja
  8054 | D:10     | XOM: 2-stop teleportation journey
  8077 | D:10     | XOM: noise
  8229 | D:11     | XOM: blink monster(s)
  8245 | D:11     | XOM: polymorph centaur -> wolf
  8255 | D:11     | XOM: enchant monster (bad)
  8275 | D:11     | Noticed a two-headed ogre
  8283 | D:11     | Killed a two-headed ogre
  8412 | D:11     | XOM: summons 1 hostile shadow creature
  8413 | D:11     | Noticed a centaur warrior
  8538 | D:11     | XOM: 5-stop teleportation journey
  8573 | D:11     | Noticed a tengu warrior
  8587 | D:11     | Reached skill level 13 in Unarmed Combat
  8596 | D:11     | Killed a tengu warrior
  8617 | D:11     | Noticed a two-headed ogre
  8624 | D:11     | Noticed a white ugly thing
  8628 | D:11     | Killed a two-headed ogre
  8638 | D:11     | Killed a white ugly thing
  8717 | D:11     | XOM: 4-stop teleportation journey
  8794 | D:11     | XOM: summons 10 friendly demons
  9087 | D:11     | XOM: divination: detect creatures
  9150 | D:11     | Noticed a two-headed ogre
  9158 | D:11     | Killed a two-headed ogre
  9285 | D:9      | XOM: confusion (+ monsters)
  9304 | D:9      | Reached XP level 12. HP: 122/122 MP: 11/11
  9308 | D:9      | Killed quinnr's ghost
  9357 | Orc:1    | Entered Level 1 of the Orcish Mines
  9382 | Orc:1    | XOM: smoke on damage
  9388 | Orc:1    | XOM: 7-stop teleportation journey
  9419 | D:9      | Reached skill level 14 in Unarmed Combat
  9504 | Orc:1    | XOM: summons 2 friendly demons
  9514 | Orc:1    | Found Heyfep's Book Shoppe.
  9579 | Orc:1    | XOM: potion effect (might)
  9608 | Orc:2    | Entered Level 2 of the Orcish Mines
  9608 | Orc:2    | Noticed Azrael
  9627 | Orc:2    | Noticed a two-headed ogre
  9629 | Orc:2    | XOM: swap monsters
  9630 | Orc:2    | Noticed a two-headed ogre
  9640 | Orc:2    | Killed a two-headed ogre
  9654 | Orc:2    | Noticed Jorgrun
  9722 | Orc:1    | Found a frozen archway.
  9731 | Orc:1    | XOM: butterfly on damage
  9739 | Orc:1    | XOM: blink monster(s)
  9740 | IceCv    | Entered an ice cave
  9742 | IceCv    | XOM: cast spell 'Monstrous Menagerie'
  9829 | IceCv    | Identified the -5 pair of boots "Deufy" {-Tele Fly rC+++
                  | rCorr}
  9870 | IceCv    | XOM: fog
  9887 | IceCv    | XOM: enchant monster (good)
  9977 | IceCv    | XOM: enchant monster (good)
  9982 | IceCv    | XOM: summons friendly white imp
  9988 | IceCv    | Reached skill level 15 in Unarmed Combat
 10098 | Orc:1    | XOM: noise
 10177 | Lair:1   | Entered Level 1 of the Lair of Beasts
 10256 | Lair:1   | Reached skill level 1 in Earth Magic
 10344 | Lair:1   | Noticed a seven-headed hydra
 10362 | Lair:1   | XOM: destruction
 10369 | Lair:1   | Killed a 12-headed hydra
 10370 | Lair:1   | Reached skill level 1 in Transmutations
 10513 | D:10     | XOM: cloud trail
 10633 | D:11     | XOM: give mutations
 10633 | D:11     | Gained mutation: You possess an exceptional clarity of
                  | mind. [Xom's mischief]
 10633 | D:11     | Lost mutation: You are clumsy. (Dex -2) [Xom's mischief]
 10633 | D:11     | Lost mutation: You are weak. (Str -2) [Xom's mischief]
 10633 | D:11     | Gained mutation: Your body often deteriorates upon taking
                  | damage. [Xom's mischief]
 10800 | Lair:1   | Found a snail-covered altar of Cheibriados.
 10872 | Lair:1   | XOM: noise
 11226 | Lair:2   | Learned a level 6 spell: Statue Form
 11240 | Lair:2   | XOM: 1-stop teleportation journey
 11493 | Lair:2   | Noticed Prince Ribbit
 11525 | Lair:2   | Killed Prince Ribbit
 11875 | Lair:2   | XOM: cloud trail
 11959 | Lair:2   | XOM: silly message
 12168 | Lair:2   | XOM: give mutation
 12168 | Lair:2   | Lost mutation: You are partially covered in iridescent
                  | scales. (AC +2) [Xom's mischief]
 12237 | Lair:3   | XOM: polymorph cane toad -> queen bee
 12239 | Lair:3   | XOM: confuse monster(s)
 12248 | Lair:2   | Reached XP level 13. HP: 48/131 MP: 12/12
 12300 | Lair:3   | XOM: scenery: create altars
 12316 | Lair:3   | XOM: 3-stop teleportation journey
 12342 | Lair:3   | Reached skill level 5 in Earth Magic
 12374 | Lair:3   | XOM: divine lightning
 12389 | Lair:3   | XOM: polymorph hell rat -> white imp
 12482 | Lair:3   | Found a dark tunnel.
 12492 | Volcano  | XOM: noise
 12492 | Volcano  | Entered a volcano
 12501 | Volcano  | XOM: enchant monster (good)
 12559 | Volcano  | XOM: divination: detect creatures
 12734 | Volcano  | XOM: god gift: +3 hand crossbow of chaos
 12808 | Volcano  | Found a radiant altar of Vehumet.
 13005 | Volcano  | XOM: scenery: 1 doors open, 2 doors close
 13005 | Volcano  | Noticed a red draconian
 13016 | Volcano  | Noticed a fire dragon
 13016 | Volcano  | a red draconian changed into a fire dragon
 13016 | Volcano  | XOM: polymorph red draconian -> fire dragon
 13024 | Volcano  | Killed a fire dragon
 13072 | Volcano  | XOM: give mutations
 13072 | Volcano  | Gained mutation: You have sharp toenails. [Xom's grace]
 13072 | Volcano  | Gained mutation: You are covered in thick fur. (AC +2)
                  | [Xom's grace]
 13072 | Volcano  | Gained mutation: You are robust. (+10% HP) [Xom's grace]
 13072 | Volcano  | Gained mutation: Your mind is acute. (Int +2) [Xom's grace]
 13383 | Lair:3   | Found a staircase to the Shoals.
 13443 | Lair:3   | Found a basalt altar of Yredelemnul.
 13804 | Lair:3   | XOM: snakes to sticks
 14177 | Lair:3   | Reached skill level 5 in Transmutations
 14199 | Lair:3   | XOM: scenery: summon butterflies
 14224 | Lair:3   | XOM: polymorph blink frog -> queen bee
 14252 | Lair:4   | XOM: destruction
 14263 | Lair:4   | XOM: polymorph blink frog -> glowing shapeshifter
 14266 | Lair:4   | XOM: summons 5 friendly demons
 14297 | Lair:4   | XOM: scenery: create altars
 14351 | Lair:4   | XOM: divination: detect creatures
 14408 | Lair:3   | XOM: god gift: scroll of noise
 14650 | Lair:4   | XOM is BORED!
 14650 | Lair:4   | XOM: summons 4 hostile shadow creatures
 14651 | Lair:4   | XOM: smoke on damage
 14715 | Lair:4   | XOM: cleaving
 14783 | Lair:4   | You fall into a shaft and drop 1 floor!
 14806 | Lair:5   | Identified Xom's Grimoire of Philately (Xom gifted it to
                  | you on level 5 of the Lair of Beasts)
 14806 | Lair:5   | XOM: god gift: Xom's Grimoire of Philately
 14814 | Lair:5   | XOM: god gift: 7 javelins
 14952 | Lair:5   | XOM: enchant monster (good)
 15045 | Lair:5   | XOM: scenery: create altars
 15088 | Lair:5   | XOM: scenery: summon butterflies
 15109 | Lair:5   | XOM: summons 2 friendly demons
 15194 | Lair:5   | Reached XP level 14. HP: 154/154 MP: 13/13
 15234 | Lair:5   | Found a staircase to the Slime Pits.
 15255 | Lair:5   | Found a viscous altar of Jiyva.
 15267 | Lair:5   | XOM: divine lightning
 15285 | Lair:5   | XOM: confuse monster(s)
 15291 | Lair:5   | XOM: cast spell 'Summon Dragon'
 15725 | Lair:6   | Entered Level 6 of the Lair of Beasts
 15733 | Lair:6   | XOM: potion effect (haste)
 15739 | Lair:6   | XOM: potion effect (berserk rage)
 15743 | Lair:6   | XOM: divination: detect creatures
 15783 | Lair:5   | XOM: cloud trail
 15847 | Lair:6   | XOM: chaos cloud
 15857 | Lair:6   | XOM: swap monsters
 15858 | Lair:6   | XOM: chaos cloud
 15862 | Lair:6   | XOM: noise
 15867 | Lair:6   | XOM: noise
 15925 | Lair:5   | XOM: torment (78/154 hp)
 15963 | Lair:6   | XOM: silly message
 15993 | Lair:6   | XOM: 2-stop teleportation journey
 16020 | Lair:6   | Identified the +6 scythe of Beogh's Grace {drain, SInv}
 16029 | Lair:6   | XOM: summons 5 hostile demons
 16046 | Lair:6   | XOM: draining
 16061 | Lair:6   | XOM: scenery: create altars
 16121 | Lair:6   | XOM: confuse monster(s)
 16151 | Lair:6   | Reached skill level 10 in Earth Magic
 16153 | Lair:6   | XOM: cast spell 'Olgreb's Toxic Radiance'
 16155 | Lair:6   | XOM: potion effect (brilliance)
 16190 | Lair:6   | XOM: enchant monster (good)
 16202 | Lair:6   | XOM: blink monster(s)
 16207 | Lair:6   | XOM: divination: magic mapping
 16215 | Lair:6   | XOM: scenery: summon butterflies
 16556 | Lair:6   | XOM: confuse monster(s)
 16558 | Lair:6   | XOM: potion effect (invisibility)
 16561 | Lair:6   | XOM: potion effect (brilliance)
 16618 | Lair:6   | XOM: summons friendly shadow imp
 16647 | Lair:6   | XOM: chaos cloud
 16659 | Lair:6   | XOM: noise
 16749 | Lair:6   | Found the +3 pair of seven-league boots {Rampage+∞}
 16881 | Lair:6   | XOM: god gift: 9 stones
 16999 | Lair:5   | XOM: swap monsters
 17007 | Lair:5   | XOM: god gift: +0 kite shield of poison resistance
 17027 | Lair:5   | Identified the +5 scale mail of Apathy {Dex+4}
 17043 | Lair:4   | XOM: 1-stop teleportation journey
 17147 | Lair:4   | Found a hole to the Spider Nest.
 17148 | Lair:4   | XOM: scenery: summon butterflies
 18050 | Orc:2    | Killed Azrael
 18053 | Orc:2    | Reached XP level 15. HP: 160/160 MP: 3/14
 18063 | Orc:1    | Killed Jorgrun
 18543 | Orc:2    | XOM: cleaving
 18627 | Orc:2    | XOM: enchant monster (bad)
 18633 | Orc:2    | Found Dyaclana's Antique Weapon Boutique.
 18672 | Orc:2    | Found Ywad's General Store.
 18708 | Orc:2    | Bought a potion of haste for 170 gold pieces
 18877 | Orc:2    | XOM: stat loss: -1 Int (19/20)
 19062 | Orc:2    | XOM: 5-stop teleportation journey
 19334 | Orc:2    | Found a staircase to the Elven Halls.
 19433 | Orc:2    | XOM: enchant monster (bad)
 19435 | Orc:2    | Noticed an orc warlord
 19447 | Orc:2    | Killed an orc warlord
 19465 | Orc:2    | Found Ysatecw's Assorted Antiques.
 19526 | Orc:2    | Reached skill level 10 in Transmutations
 19542 | Orc:2    | Found Mouwkann's Magic Scroll Shoppe.
 19559 | Orc:2    | Bought a scroll of acquirement for 780 gold pieces
 19665 | Orc:2    | XOM: silly message
 19877 | Orc:2    | Acquired the +0 cloak of Coehemu {rC+ Int+2}
 19907 | Orc:1    | Paralysed by an orc sorcerer for 4 turns
 19954 | Orc:2    | XOM: silly message
 20007 | Orc:1    | XOM: swap monsters
 20013 | Orc:1    | XOM: 2-stop teleportation journey
 20081 | Orc:1    | XOM: scenery: create altars
 20203 | D:11     | XOM: divination: detect creatures
 20243 | D:12     | XOM: cleaving
 20496 | D:12     | Paralysed by an ogre mage for 7 turns
 20517 | D:12     | XOM: summons 8 hostile demons
 20716 | D:12     | Found Diskiah's Antique Armour Emporium.
 20856 | D:12     | Reached skill level 1 in Spellcasting
 21086 | D:12     | Found the +12 glaive of Prune {vorpal}
 21187 | D:12     | XOM: give mutation
 21187 | D:12     | Lost mutation: You are robust. (+10% HP) [Xom's mischief]
 21323 | D:12     | XOM: stat loss: -1 Dex (6/9)
 21402 | D:12     | XOM: give mutations
 21402 | D:12     | Gained mutation: You are partially covered in iridescent
                  | scales. (AC +2) [Xom's mischief]
 21754 | D:13     | XOM: give mutations
 21754 | D:13     | Gained mutation: Armour fits poorly on your strangely
                  | shaped body. [Xom's mischief]
 21754 | D:13     | Lost mutation: Your body often deteriorates upon taking
                  | damage. [Xom's mischief]
 21774 | D:13     | XOM: torment (74/146 hp)
 21896 | D:13     | XOM: polymorph manticore -> wind drake
 21940 | D:13     | XOM: give mutations
 21940 | D:13     | Lost mutation: You are partially covered in iridescent
                  | scales. (AC +2) [Xom's mischief]
 21940 | D:13     | Lost mutation: Your mind is acute. (Int +2) [Xom's
                  | mischief]
 21940 | D:13     | Lost mutation: Your body sometimes deteriorates upon taking
                  | damage. [Xom's mischief]
 22078 | D:13     | XOM: polymorph cyan ugly thing -> red ugly thing
 22163 | D:13     | XOM: silly message
 22394 | D:13     | XOM: silly message
 22450 | D:13     | XOM: give mutations
 22450 | D:13     | Lost mutation: Armour fits poorly on your strangely shaped
                  | body. [Xom's mischief]
 22450 | D:13     | Gained mutation: You occasionally shout uncontrollably at
                  | your foes. [Xom's mischief]
 22450 | D:13     | Lost mutation: You possess an exceptional clarity of mind.
                  | [Xom's mischief]
 22482 | D:14     | Found a gate to the Vaults.
 22482 | D:14     | Noticed Urug
 22485 | D:14     | XOM: enchant monster (bad)
 22514 | D:14     | Killed Urug
 22515 | D:14     | Reached XP level 16. HP: 156/156 MP: 15/20
 22517 | D:14     | XOM: noise
 22519 | D:14     | XOM: divination: detect creatures
 22533 | D:14     | XOM: blink monster(s)
 22589 | D:14     | XOM: polymorph boulder beetle -> guardian serpent
 22618 | D:14     | Found a gate leading to a gauntlet.
 22623 | Gauntlet | Entered a Gauntlet
 22623 | Gauntlet | Found a transporter.
 22671 | Gauntlet | Found a transporter.
 22685 | Gauntlet | Found a transporter.
 22692 | Gauntlet | Found a transporter.
 22701 | Gauntlet | Found a transporter.
 22712 | Gauntlet | Found a transporter.
 22723 | Gauntlet | Found a transporter.
 22726 | Gauntlet | Found a runed translucent door.
 22727 | Gauntlet | Found a runed translucent door.
 22730 | Gauntlet | Found a transporter.
 22730 | Gauntlet | Found a transporter.
 22744 | Gauntlet | Found a transporter.
 22752 | Gauntlet | Found a runed translucent gate.
 22753 | Gauntlet | Found a transporter.
 22753 | Gauntlet | Found a runed translucent gate.
 22753 | Gauntlet | Found a transporter.
 22754 | Gauntlet | Found a runed translucent gate.
 22775 | Gauntlet | Found a transporter.
 22792 | Gauntlet | Found a transporter.
 22830 | Gauntlet | XOM: give mutation
 22830 | Gauntlet | Gained mutation: You are dopey. (Int -2) [Xom's mischief]
 22839 | Gauntlet | XOM: chaos cloud
 22854 | Gauntlet | Gained mutation: You tend to lose your temper in combat.
                  | [mutagenic glow]
 22887 | Gauntlet | Identified the ring of Eleifit {rElec Will+ Str+2}
 22896 | Gauntlet | XOM: polymorph fire crab -> shapeshifter
 22916 | Gauntlet | Identified the +6 fustibalus of Kismet {freeze, Dex+3}
 23214 | D:14     | Found a stormy altar of Qazlal.
 23243 | D:14     | XOM: summons 2 hostile demons
 23662 | D:14     | XOM: noise
 23668 | D:14     | XOM: destruction
 23674 | D:14     | XOM: scenery: 1 doors close
 23843 | D:15     | Entered Level 15 of the Dungeon
 24057 | D:15     | XOM: summons 5 hostile demons
 24100 | D:15     | Reached skill level 16 in Unarmed Combat
 24326 | D:15     | XOM: polymorph warg -> wolf
 24336 | D:15     | XOM: god gift: 66 gold pieces
 24463 | D:15     | Identified the +10 falchion of Fortitude {antimagic, rF+}
 24586 | D:15     | Found a staircase to the Depths.
 24618 | D:15     | XOM: 3-stop teleportation journey
 24850 | D:15     | XOM: give mutations
 24850 | D:15     | Gained mutation: You have a pair of small antennae on your
                  | head. [Xom's grace]
 24850 | D:15     | Gained mutation: Your muscles are strong. (Str +2) [Xom's
                  | grace]
 24850 | D:15     | Gained mutation: You are robust. (+10% HP) [Xom's grace]
 24864 | D:15     | XOM: cloud trail
 24999 | D:11     | XOM: god gift: 711 gold pieces
 25138 | Lair:4   | XOM: give mutations
 25138 | Lair:4   | Lost mutation: You are robust. (+10% HP) [Xom's mischief]
 25138 | Lair:4   | Gained mutation: Your body sometimes deteriorates upon
                  | taking damage. [Xom's mischief]
 25138 | Lair:4   | Lost mutation: Your muscles are strong. (Str +2) [Xom's
                  | mischief]
 25192 | Slime:1  | Entered Level 1 of the Pits of Slime
 25264 | Spider:1 | Entered Level 1 of the Spider Nest
 25282 | Lair:4   | XOM: divine lightning
 25320 | Spider:1 | XOM: confuse monster(s)
 25322 | Spider:1 | XOM: summons friendly shadow imp
 25428 | Spider:1 | XOM: confuse monster(s)
 25437 | Spider:1 | XOM: polymorph demonic crawler -> tormentor
 25496 | Spider:1 | XOM: 1-stop teleportation journey
 25524 | Spider:1 | Reached skill level 10 in Fighting
 25531 | Spider:1 | Reached skill level 17 in Unarmed Combat
 25535 | Spider:1 | XOM: confuse monster(s)
 25615 | Spider:1 | You fall into a shaft and drop 1 floor!
 25632 | Spider:1 | XOM: confusion (+ monsters)
 25639 | Spider:1 | XOM: cleaving
 25729 | Spider:1 | XOM: enchant monster (bad)
 25747 | Spider:1 | XOM: potion effect (haste)
 26189 | Spider:2 | XOM: divination: magic mapping
 26192 | Spider:2 | XOM: potion effect (curing)
 26325 | Spider:2 | XOM: 1-stop teleportation journey
 26326 | Spider:2 | Noticed Agnes
 26333 | Spider:2 | Killed Agnes
 26334 | Spider:2 | Reached skill level 10 in Shields
 26334 | Spider:2 | XOM: summons friendly iron imp
 26535 | Spider:2 | XOM: destruction
 26772 | Spider:2 | XOM: give mutations
 26772 | Spider:2 | Lost mutation: You are dopey. (Int -2) [Xom's grace]
 26772 | Spider:2 | Gained mutation: You passively map a small area around you.
                  | [Xom's grace]
 26772 | Spider:2 | Gained mutation: You expend magic power (3 MP) to
                  | strengthen your wands. [Xom's grace]
 26869 | Spider:2 | XOM: give mutations
 26869 | Spider:2 | Gained mutation: You are resistant to electric shocks.
                  | (rElec) [Xom's grace]
 26869 | Spider:2 | Gained mutation: You are partially covered in iridescent
                  | scales. (AC +2) [Xom's grace]
 27343 | Spider:2 | XOM: god gift: metal-bound book {god gift}
 27401 | Spider:2 | XOM: scenery: create altars
 27404 | Spider:2 | XOM: potion effect (haste)
 27412 | Spider:2 | XOM: enchant monster (good)
 27501 | Spider:2 | XOM: god gift: 39 gold pieces
 27507 | Spider:3 | Noticed Arachne
 27535 | Spider:2 | Killed Arachne
 27536 | Spider:2 | Reached XP level 17. HP: 166/166 MP: 22/22
 27538 | Spider:2 | XOM: summons 6 friendly demons
 27574 | Spider:2 | XOM: god gift: +4 vorpal scimitar
 27691 | Spider:2 | XOM: cleaving
 27763 | Spider:2 | XOM: summons 9 hostile demons
 27795 | Spider:3 | XOM: polymorph killer bee -> killer bee
 27817 | Spider:3 | XOM: divination: detect items
 27941 | Spider:3 | XOM: chaos cloud
 28019 | Spider:3 | XOM: repel stairs
 28348 | Spider:3 | XOM: smoke on damage
 28357 | Spider:3 | XOM: confusion (+ monsters)
 28360 | Spider:3 | XOM: blink monster(s)
 28396 | Spider:3 | Noticed an acid blob
 28402 | Spider:3 | XOM: silly message
 28405 | Spider:3 | Killed an acid blob
 28419 | Spider:3 | Identified the +4 lajatang of Enidoplamam {freeze, rF++
                  | rCorr Str+4}
 28498 | Spider:4 | Entered Level 4 of the Spider Nest
 28508 | Spider:4 | XOM: potion effect (magic)
 28528 | Spider:3 | XOM: confuse monster(s)
 28877 | Spider:4 | XOM: blink monster(s)
 28881 | Spider:4 | XOM: confuse monster(s)
 28965 | Spider:3 | XOM: scenery: summon butterflies
 29188 | Spider:4 | XOM: enchant monster (good)
 29195 | Spider:4 | XOM: enchant monster (good)
 29354 | Spider:4 | XOM: enchant monster (good)
 29405 | Spider:4 | XOM: potion effect (might)
 29526 | Spider:4 | XOM: cast spell 'Call Canine Familiar'
 29537 | Spider:4 | XOM: potion effect (curing)
 29564 | Spider:4 | Got a gossamer rune of Zot
 29973 | Lair:3   | XOM: god gift: long sword {god gift}
 29998 | Shoals:1 | Entered Level 1 of the Shoals
 30037 | Shoals:1 | XOM: potion effect (invisibility)
 30142 | Shoals:1 | XOM: enchant monster (good)
 30275 | Shoals:1 | XOM: cast spell 'Olgreb's Toxic Radiance'
 30332 | Shoals:1 | XOM: summons 9 hostile demons
 30335 | Shoals:1 | XOM: enchant monster (good)
 30368 | Shoals:1 | XOM: 1-stop teleportation journey
 30371 | Shoals:1 | Reached XP level 18. HP: 175/175 MP: 18/23
 30688 | Shoals:2 | XOM: summons 6 friendly demons
 30703 | Shoals:2 | XOM: swap monsters
 30704 | Shoals:2 | XOM: enchant monster (bad)
 30710 | Shoals:2 | XOM: give mutations
 30710 | Shoals:2 | Lost mutation: You are covered in thick fur. (AC +2) [Xom's
                  | mischief]
 30710 | Shoals:2 | Lost mutation: You expend magic power (3 MP) to strengthen
                  | your wands. [Xom's mischief]
 30710 | Shoals:2 | Gained mutation: You expend magic power (3 MP) to
                  | strengthen your wands. [Xom's mischief]
 30710 | Shoals:2 | Lost mutation: You have sharp toenails. [Xom's mischief]
 30836 | Shoals:2 | XOM: potion effect (might)
 30837 | Shoals:2 | XOM: noise
 30861 | Shoals:2 | XOM: divination: detect items
 30951 | Shoals:2 | Noticed Nikola
 30958 | Shoals:2 | Killed Nikola
 30959 | Shoals:2 | Reached skill level 15 in Shields
 30966 | Shoals:2 | XOM: divination: detect creatures
 30972 | Shoals:2 | XOM: summons friendly white imp
 31279 | Shoals:3 | Reached skill level 18 in Unarmed Combat
 31462 | Shoals:3 | XOM: give mutations
 31462 | Shoals:3 | Gained mutation: You sometimes lose the ability to read
                  | scrolls when taking damage. [Xom's mischief]
 31462 | Shoals:3 | Lost mutation: You are partially covered in iridescent
                  | scales. (AC +2) [Xom's mischief]
 31620 | Shoals:4 | Entered Level 4 of the Shoals
 31695 | Shoals:4 | XOM: potion effect (brilliance)
 31796 | Shoals:4 | XOM: potion effect (brilliance)
 31852 | Shoals:4 | XOM: give mutation
 31852 | Shoals:4 | Gained mutation: You have large cloven feet. [Xom's
                  | mischief]
 32088 | Shoals:4 | Learned a level 5 spell: Lee's Rapid Deconstruction
 32130 | Shoals:4 | XOM: potion effect (haste)
 32319 | Shoals:4 | Got a barnacled rune of Zot
 32411 | Shoals:4 | XOM: god gift: 3 boomerangs of dispersal
 32413 | Shoals:4 | XOM: 1-stop teleportation journey
 32445 | Shoals:4 | XOM: summons 1 hostile demon
 32632 | Shoals:4 | XOM: cast spell 'Shadow Creatures'
 32649 | Shoals:4 | Identified the Volume of Enchanting Conjuration
 32682 | Shoals:4 | XOM: silly message
 33174 | Vaults:1 | Entered Level 1 of the Vaults
 33292 | Vaults:1 | XOM: torment (89/176 hp)
 33453 | Vaults:1 | XOM: divination: detect creatures
 33456 | Vaults:1 | XOM: enchant monster (bad)
 33462 | Vaults:1 | Reached XP level 19. HP: 184/184 MP: 19/24
 33463 | Vaults:1 | Reached skill level 5 in Dodging
 33664 | Vaults:1 | XOM: give mutation
 33664 | Vaults:1 | Lost mutation: You have large cloven feet. [Xom's mischief]
 33672 | Vaults:1 | Reached skill level 19 in Unarmed Combat
 33675 | Vaults:1 | XOM: noise
 33754 | Vaults:1 | XOM: confuse monster(s)
 33821 | Vaults:1 | XOM: summons 10 hostile demons
 33822 | Vaults:1 | XOM: confusion
 33832 | Vaults:1 | XOM: swap monsters
 33834 | Vaults:1 | XOM: polymorph centaur warrior -> shining eye
 33848 | Vaults:1 | Gained mutation: Your body often deteriorates upon taking
                  | damage. [a shining eye]
 33849 | Vaults:1 | XOM: enchant monster (bad)
 33874 | Vaults:1 | XOM: chaos upgrade
 33880 | Vaults:1 | XOM: smoke on damage
 33965 | Vaults:1 | XOM: 7-stop teleportation journey
 34026 | Vaults:1 | You fall into a shaft and drop 1 floor!
 34037 | Vaults:2 | Noticed Saint Roka
 34048 | Vaults:2 | XOM: summons friendly shadow imp
 34050 | Vaults:2 | Killed Saint Roka
 34147 | Vaults:2 | XOM: divination: detect creatures
 34204 | Vaults:2 | XOM: 1-stop teleportation journey
 34238 | Vaults:2 | XOM: 4-stop teleportation journey
 34306 | Vaults:2 | XOM: divination: detect items
 34306 | Vaults:2 | HP: 6/243 [sphinx (14)]
 34308 | Vaults:2 | Annihilated by a vault warden

Illustrated notes

Levels and vault maps discovered:
D:1:      erik_arrival_orb_chamber, layout_loops_ring
D:2:      layout_rooms, hellmonk_ecumenical_altar_run_dry
D:3:      layout_loops_ring, lemuel_round_altar, uniq_ijyb, uniq_grinder,
          uniq_terence
D:4:      layout_basic, nzn_wu_jian_council_hall,
          lemuel_zombie_altar_yredelemnul, minmay_goblin_outpost
D:5:      layout_layer_cave, nicolae_ru_the_path_less_chosen,
          nemelex_spade_bored_becter, minmay_temple_entry_drinking_statues,
          serial_shops, shop_fountains, minmay_misc_feat_hallway
D:6:      layout_loops_ring
D:7:      layout_rooms, nicolae_overflow_hidden_temple, nzn_ghost_randoct,
          grunt_potential, uniq_harold, uniq_duvessa, uniq_crazy_yiuf_cottage
D:8:      layout_loops_ring, regret_index_temple_of_mockery
D:9:      layout_layer_cave, zombieorc2_lemuel, gammafunk_ghost_necromancy,
          eino_tiny_chamber, palyth_stone_intersect, uniq_psyche, uniq_maggie
D:10:     layout_grid_maze, lair_entry_dummy, nzn_life_drinkers, uniq_sonja,
          uniq_grum
D:11:     layout_basic, st_stairs_10
D:12:     layout_basic, serial_shops, shop, minmay_guarded_unrand_prune
D:13:     layout_stronghold
D:14:     layout_irregular_city, david_vaults_3, gauntlet_entry_generic,
          nicolae_qazlal_eye_of_the_storm, grunt_ministairs_15
D:15:     grunt_enter_depths_hoard, layout_loops_corners, moated_statue
Lair:1:   layout_concentric_octagons, basic_altar, grunt_megastairs_4
Lair:2:   layout_hall_layers, serial_bayou_lake_a, uniq_prince_ribbit2
Lair:3:   layout_long_grid, minmay_shoals_entry_beasts, basic_altar,
          nicolae_volcano_entry_two_sided, st_stairs_12,
          chequers_serial_rivers_micro_d, beast_lair_carwin_2
Lair:4:   layout_regular_city, spider_nest_entry_funnel_web, disabler_island,
          minmay_lair_oklob_chamber, serial_bayou_shore_a, lemuel_fruit_tree,
          grunt_megastairs_5, lemuel_fruit_fields, serial_bayou_shore_b,
          lemuel_fruit_fields
Lair:5:   layout_regular_city, slime_altar_1, serial_bayou_lagoon_a,
          st_stairs_13
Lair:6:   grunt_lair_end_beastmaster, layout_long_grid, serial_forest,
          infiniplex_forest_clump_medium, infiniplex_forest_clump_small,
          infiniplex_forest_clump_cross, infiniplex_forest_straight_3,
          infiniplex_forest_split, infiniplex_forest_lined_1,
          infiniplex_forest_straight_2, columned_hall_lemuel
Shoals:1: layout_shoals
Shoals:2: layout_shoals, nicolae_shoals_wave_tunnel, uniq_nikola
Shoals:3: layout_shoals, uniq_ilsuiw
Shoals:4: shoals_end_grunt_garden, layout_shoals
Spider:1: layout_spider_delve, drop_trap, guppyfry_spider_mini_2
Spider:2: layout_chambers, drop_trap, nicolae_spider_rock_and_or_roll,
          uniq_agnes
Spider:3: layout_spider_delve, special_room [special_room_bee],
          nicolae_spider_acid_house, uniq_arachne
Spider:4: grunt_spider_rune_island, special_room
Slime:1:  layout_caves
Orc:1:    layout_diamond_mine, serial_shops, shop,
          portal_ice_cave_entry_ice_beasts, basic_altar
Orc:2:    pubby_orc_utopia, serial_shops, uniq_azrael, uniq_jorgrun
Vaults:1: ontoclasm_vaults_idyll, ontoclasm_vaults_fault,
          vaults_room_grunt_arrival_ludios, nicolae_vaults_diagonal_hallway_6,
          v_misc_27, hangedman_vaults_maws, layout_vaults_omnigrid
Vaults:2: minmay_crypt_entry_simple_box, nicolae_vaults_little_squares_1,
          nicolae_vaults_yaktaur_gun_rack, nicolae_vaults_what_the_h, v_misc_33,
          nicolae_vaults_alarming, nicolae_vaults_circle_grid_a,
          special_room_vaults [special_room_orc], hangedman_vaults_hat,
          vaults_standard_mumra_x, layout_vaults_omnibox, uniq_saint_roka

Skill      XL: |  1  2  3  4  5  6  7  8  9 10 11 12 13 14 15 16 17 18 19 |
---------------+----------------------------------------------------------+-----
Dodging        | 2 3 4 6 |  6.1
Unarmed Combat | 4 5 6 7 8 10 12 13 15 17 18 19 | 19.2
Fighting       | 3 4 5 6 7 8 9 10 11 | 11.2
Shields        | 2 3 4 6 7 8 9 10 14 15 | 15.0
Earth Magic    | 4 8 11 12 13 | 13.3
Transmutations | 2 6 9 10 11 | 11.1
Spellcasting   | 3 4 |  4.4

Action                   |  1- 3 |  4- 6 |  7- 9 | 10-12 | 13-15 | 16-18 | 19-21 || total
-------------------------+-------+-------+-------+-------+-------+-------+-------++-------
Melee: Unarmed           |   109 |   120 |   337 |   820 |  1276 |  1192 |   140 ||  3994
       Punch             |       |     1 |       |       |       |       |       ||     1
       Kick              |       |       |       |       |   292 |   206 |     7 ||   505
 Fire: Fustibalus        |       |       |       |     3 |   108 |    18 |       ||   129
Throw: Dart              |       |     5 |       |       |     1 |       |       ||     6
       Javelin           |       |       |       |       |       |     4 |       ||     4
 Cast: Statue Form       |       |       |       |       |    31 |    91 |     9 ||   131
       Lee's Rapid Decon |       |       |       |       |       |       |     1 ||     1
Evoke: Wand              |       |     2 |     9 |     9 |     5 |       |       ||    25
  Use: Scroll            |       |     2 |     7 |    18 |    11 |    16 |       ||    54
       Potion            |       |       |       |     5 |     5 |    16 |     4 ||    30
 Stab: Invisible         |       |     1 |       |       |     3 |     1 |       ||     5
       Sleeping          |       |       |     1 |       |       |     1 |       ||     2
       Confused          |       |       |     1 |       |       |     4 |     3 ||     8
       Paralysed         |       |       |       |       |     2 |     2 |       ||     4
       Distracted        |       |       |       |       |     1 |       |       ||     1
       Petrified         |       |       |       |       |     4 |       |       ||     4
Armor: Robe              |    38 |    34 |   113 |   324 |   318 |   106 |     5 ||   938
       Skin              |       |       |       |       |   390 |  1326 |    83 ||  1799
Dodge: Dodged            |    57 |    54 |   117 |   318 |   754 |  1132 |   123 ||  2555
Block: Tower shield      |       |       |   215 |   840 |   827 |   213 |   196 ||  2291
       Kite shield       |       |       |       |       |   549 |  1341 |       ||  1890

Table legend: (Time is in decaauts)
 A = Elapsed time spent in this place.
 B = Non-inter-level travel time spent in this place.
 C = Inter-level travel time spent in this place.
 D = Time resting spent in this place.
 E = Time spent auto-exploring this place.
 F = Levels seen in this place.
 G = Mean time per level.
                   A        B        C        D        E       F      G
               +--------+--------+--------+--------+--------+-----+--------+
         Total |  37103 |  34936 |   2167 |   2116 |  23224 |  37 | 1002.8 |
       Dungeon |  15084 |  13888 |   1196 |    216 |  10662 |  15 | 1005.6 |
          Lair |   7229 |   6552 |    677 |    150 |   4399 |   6 | 1204.8 |
        Shoals |   4010 |   3915 |     95 |    186 |   2403 |   4 | 1002.5 |
   Spider Nest |   5167 |   5018 |    149 |   1036 |   2587 |   4 | 1291.8 |
    Slime Pits |      4 |      4 |      0 |      0 |      0 |   1 |    4.0 |
  Orcish Mines |   2815 |   2768 |     47 |    156 |   1695 |   2 | 1407.5 |
        Vaults |   1363 |   1363 |      0 |     83 |    976 |   2 |  681.5 |
      Ice Cave |    339 |    339 |      0 |    149 |     13 |   1 |  339.0 |
       Volcano |    709 |    709 |      0 |    133 |    292 |   1 |  709.0 |
      Gauntlet |    378 |    378 |      0 |      4 |    194 |   1 |  378.0 |
               +--------+--------+--------+--------+--------+-----+--------+

Top non-repeatable levels by time:
   Orc:2: 2251 daAuts
Spider:2: 1970 daAuts
Shoals:4: 1525 daAuts
     D:9: 1522 daAuts
  Lair:3: 1493 daAuts
  Lair:4: 1458 daAuts
    D:12: 1391 daAuts
    D:11: 1325 daAuts
  Lair:2: 1263 daAuts
    D:15: 1253 daAuts
    D:14: 1172 daAuts
  Lair:6: 1153 daAuts
    D:13: 1139 daAuts
Spider:3: 1117 daAuts
     D:5: 1114 daAuts
